[ AOE2 MATCH · #513480319 ]
UnrankedMongols vs Magyars
Player's team · WIN
Rival team · LOSS
[ REPLAY ANALYSIS · EXTRACTED FROM THE RECORDED GAME ]
Feudal
11:29
Castle
24:16
Imperial
39:00
| APM avg | 62.5 |
| APM peak | 114 |
| eAPM avg | 30.2 |
| Villagers / military | 122 / 57 |
Focus
⚔️ 24.1% · 🌾 75.9%
Mangudai ×15 · Scout Cavalry ×9 · Cavalry Archer ×9 · Knight ×6 · Steppe Lancer ×6 · Spearman ×5
Feudal
10:11
Castle
25:36
Imperial
—
| APM avg | 63.6 |
| APM peak | 122 |
| eAPM avg | 28.0 |
| Villagers / military | 102 / 68 |
Focus
⚔️ 36.6% · 🌾 63.4%
Cavalry Archer ×44 · Scout Cavalry ×9 · Spearman ×6 · Mangonel ×4 · Skirmisher ×3 · Militia ×2
Match map
Initial resources + every placement click. Lines = walls · curves = elevation contours. ◆ gold · ⬟ stone · ● berries · ✦ relic · ◌ wall gap
Your base· Open — 6t gap
ツfeodALİ's base· ✓ Closed at 25:36 · 60t walls · 1 gate(s)
Smoothed initial terrain · ◌ = detected wall gap · hover for details
Inputs per minute
— Mr. Nobody - - ツfeodALİ
Build order — Mr. Nobody
First 150 of 315 actions detected
| 0:01 | Queue | Villager (Male) |
| 0:01 | Queue | Villager (Male) |
| 0:01 | Queue | Villager (Male) |
| 0:02 | Queue | Villager (Male) |
| 0:02 | Build | House |
| 0:04 | Build | House |
| 1:20 | Queue | Villager (Male) |
| 1:20 | Queue | Villager (Male) |
| 1:50 | Build | Lumber Camp |
| 1:50 | Queue | Villager (Male) |
| 1:50 | Queue | Villager (Male) |
| 2:06 | Queue | Villager (Male) |
| 2:07 | Queue | Villager (Male) |
| 2:53 | Queue | Villager (Male) |
| 2:53 | Queue | Villager (Male) |
| 3:36 | Research | Loom |
| 4:01 | Queue | Villager (Male) |
| 4:02 | Queue | Villager (Male) |
| 4:02 | Queue | Villager (Male) |
| 4:17 | Build | House |
| 4:42 | Queue | Villager (Male) |
| 4:42 | Queue | Villager (Male) |
| 4:43 | Queue | Villager (Male) |
| 4:43 | Queue | Villager (Male) |
| 5:22 | Queue | Villager (Male) |
| 5:24 | Queue | Villager (Male) |
| 5:25 | Queue | Villager (Male) |
| 6:25 | Build | House |
| 6:28 | Build | Palisade Wall |
| 6:42 | Build | Palisade Wall |
| 6:44 | Build | Palisade Wall |
| 6:45 | Build | Palisade Wall |
| 6:47 | Build | Palisade Wall |
| 6:57 | Build | Palisade Wall |
| 6:58 | Build | Palisade Wall |
| 6:58 | Build | Palisade Wall |
| 7:21 | Queue | Villager (Male) |
| 7:24 | Build | Mill |
| 7:52 | Build | Mill |
| 7:56 | Queue | Villager (Male) |
| 8:01 | Build | House |
| 8:41 | Queue | Villager (Male) |
| 9:19 | Research | Feudal Age |
| 9:19 | Research | Feudal Age |
| 9:49 | Build | Barracks |
| 9:59 | Build | House |
| 10:00 | Build | House |
| 10:07 | Queue | Villager (Male) |
| 11:29 | Age | Feudal Age |
| 11:31 | Build | Stable |
| 11:33 | Queue | Spearman |
| 11:35 | Queue | Villager (Male) |
| 11:37 | Build | Farm |
| 11:40 | Build | Farm |
| 11:42 | Build | Farm |
| 11:48 | Build | Palisade Wall |
| 11:54 | Research | Double-Bit Axe |
| 12:01 | Build | Farm |
| 12:02 | Queue | Villager (Male) |
| 12:08 | Build | Farm |
| 12:12 | Build | Farm |
| 12:14 | Queue | Scout Cavalry |
| 12:15 | Queue | Scout Cavalry |
| 12:15 | Queue | Scout Cavalry |
| 12:23 | Build | Farm |
| 12:24 | Queue | Villager (Male) |
| 12:30 | Queue | Spearman |
| 12:43 | Build | House |
| 12:47 | Build | Farm |
| 13:08 | Queue | Villager (Male) |
| 13:26 | Queue | Villager (Male) |
| 13:30 | Build | Farm |
| 13:35 | Build | Farm |
| 13:47 | Queue | Scout Cavalry |
| 13:55 | Build | Palisade Wall |
| 13:57 | Queue | Villager (Male) |
| 14:00 | Build | Farm |
| 14:08 | Build | Farm |
| 14:10 | Build | Farm |
| 14:23 | Build | Farm |
| 14:24 | Queue | Villager (Male) |
| 14:26 | Queue | Villager (Male) |
| 14:33 | Queue | Scout Cavalry |
| 14:33 | Queue | Scout Cavalry |
| 15:26 | Queue | Villager (Male) |
| 15:26 | Queue | Villager (Male) |
| 15:27 | Queue | Villager (Male) |
| 15:42 | Build | House |
| 15:45 | Build | House |
| 15:47 | Build | Blacksmith |
| 15:48 | Queue | Villager (Male) |
| 16:06 | Queue | Scout Cavalry |
| 16:06 | Queue | Scout Cavalry |
| 16:06 | Queue | Scout Cavalry |
| 16:24 | Queue | Villager (Male) |
| 16:25 | Queue | Villager (Male) |
| 17:00 | Build | Farm |
| 17:01 | Build | Farm |
| 17:03 | Build | Farm |
| 17:04 | Queue | Spearman |
| 17:04 | Queue | Spearman |
| 17:25 | Build | House |
| 17:27 | Build | House |
| 17:29 | Build | Palisade Wall |
| 17:58 | Build | House |
| 18:34 | Build | Mining Camp |
| 18:42 | Queue | Villager (Male) |
| 19:03 | Queue | Spearman |
| 19:05 | Queue | Villager (Male) |
| 19:10 | Build | Palisade Wall |
| 19:12 | Build | Palisade Wall |
| 19:16 | Build | Palisade Wall |
| 19:35 | Research | Wheelbarrow |
| 19:42 | Queue | Villager (Male) |
| 19:43 | Queue | Villager (Male) |
| 20:21 | Build | Watch Tower |
| 20:37 | Build | House |
| 20:58 | Build | Palisade Wall |
| 21:19 | Build | Palisade Wall |
| 21:20 | Build | Palisade Wall |
| 21:21 | Build | Palisade Wall |
| 21:21 | Build | Palisade Wall |
| 21:36 | Research | Castle Age |
| 21:36 | Research | Castle Age |
| 22:29 | Queue | Villager (Male) |
| 23:14 | Build | Palisade Wall |
| 23:14 | Build | Palisade Wall |
| 23:15 | Build | Palisade Wall |
| 23:18 | Build | Farm |
| 23:23 | Queue | Villager (Male) |
| 23:41 | Build | Stable |
| 23:47 | Research | Bloodlines |
| 24:07 | Build | Mill |
| 24:16 | Age | Castle Age |
| 24:18 | Queue | Steppe Lancer |
| 24:18 | Queue | Steppe Lancer |
| 24:40 | Build | Market |
| 24:43 | Build | House |
| 24:56 | Queue | Villager (Male) |
| 24:57 | Queue | Villager (Male) |
| 25:01 | Research | Gold Mining |
| 25:25 | Build | Town Center |
| 25:27 | Research | Bow Saw |
| 25:32 | Queue | Villager (Male) |
| 25:33 | Queue | Villager (Male) |
| 25:59 | Queue | Steppe Lancer |
| 25:59 | Queue | Steppe Lancer |
| 26:05 | Queue | Villager (Male) |
| 26:06 | Queue | Villager (Male) |
| 26:29 | Queue | Villager (Male) |
Build order — ツfeodALİ
First 150 of 343 actions detected
| 0:00 | Queue | Villager (Male) |
| 0:01 | Queue | Villager (Male) |
| 0:02 | Build | House |
| 0:04 | Build | House |
| 0:30 | Queue | Villager (Male) |
| 0:30 | Queue | Villager (Male) |
| 1:35 | Queue | Villager (Male) |
| 1:35 | Queue | Villager (Male) |
| 1:58 | Queue | Villager (Male) |
| 2:15 | Build | Lumber Camp |
| 2:32 | Queue | Villager (Male) |
| 2:32 | Queue | Villager (Male) |
| 3:01 | Queue | Villager (Male) |
| 3:55 | Build | House |
| 4:00 | Research | Loom |
| 4:27 | Queue | Villager (Male) |
| 4:27 | Queue | Villager (Male) |
| 4:27 | Queue | Villager (Male) |
| 4:38 | Build | House |
| 4:42 | Queue | Villager (Male) |
| 4:43 | Queue | Villager (Male) |
| 5:27 | Build | Mill |
| 5:39 | Queue | Villager (Male) |
| 5:39 | Queue | Villager (Male) |
| 5:40 | Queue | Villager (Male) |
| 6:05 | Build | Palisade Wall |
| 6:17 | Build | Palisade Wall |
| 6:20 | Build | Palisade Wall |
| 6:32 | Build | Palisade Wall |
| 6:43 | Build | House |
| 7:04 | Build | Palisade Wall |
| 7:09 | Build | Palisade Wall |
| 7:29 | Queue | Villager (Male) |
| 7:29 | Queue | Villager (Male) |
| 7:29 | Queue | Villager (Male) |
| 7:48 | Build | House |
| 8:01 | Research | Feudal Age |
| 8:15 | Build | Palisade Wall |
| 8:37 | Build | Barracks |
| 8:47 | Build | Palisade Wall |
| 8:59 | Queue | Villager (Male) |
| 10:11 | Age | Feudal Age |
| 10:20 | Queue | Villager (Male) |
| 10:46 | Build | Stable |
| 11:03 | Queue | Villager (Male) |
| 11:03 | Queue | Villager (Male) |
| 11:03 | Queue | Villager (Male) |
| 11:09 | Build | House |
| 11:28 | Build | Mill |
| 11:29 | Queue | Scout Cavalry |
| 11:29 | Queue | Scout Cavalry |
| 11:30 | Queue | Scout Cavalry |
| 11:30 | Queue | Villager (Male) |
| 11:44 | Build | House |
| 11:50 | Research | Double-Bit Axe |
| 11:55 | Build | Farm |
| 12:14 | Queue | Scout Cavalry |
| 12:21 | Queue | Villager (Male) |
| 12:23 | Build | Farm |
| 12:35 | Build | House |
| 12:44 | Build | Farm |
| 12:50 | Queue | Villager (Male) |
| 13:06 | Build | Palisade Wall |
| 13:16 | Queue | Villager (Male) |
| 13:20 | Build | Farm |
| 13:20 | Build | Farm |
| 13:45 | Queue | Villager (Male) |
| 13:47 | Queue | Scout Cavalry |
| 13:53 | Build | Palisade Wall |
| 13:58 | Queue | Scout Cavalry |
| 14:01 | Queue | Spearman |
| 14:04 | Queue | Villager (Male) |
| 14:38 | Queue | Scout Cavalry |
| 14:38 | Queue | Villager (Male) |
| 14:45 | Build | House |
| 15:00 | Queue | Villager (Male) |
| 15:00 | Queue | Villager (Male) |
| 15:00 | Queue | Villager (Male) |
| 15:17 | Build | House |
| 15:29 | Queue | Scout Cavalry |
| 15:39 | Queue | Scout Cavalry |
| 15:39 | Queue | Villager (Male) |
| 15:49 | Build | Farm |
| 15:49 | Build | Farm |
| 15:49 | Build | Farm |
| 15:49 | Build | Farm |
| 15:49 | Build | Farm |
| 15:50 | Build | Farm |
| 16:02 | Build | Palisade Wall |
| 16:14 | Build | House |
| 16:27 | Build | Palisade Wall |
| 16:29 | Build | Palisade Wall |
| 16:33 | Queue | Spearman |
| 16:35 | Queue | Villager (Male) |
| 16:35 | Queue | Villager (Male) |
| 16:35 | Queue | Villager (Male) |
| 16:39 | Build | Farm |
| 16:40 | Build | Farm |
| 16:42 | Build | Farm |
| 16:44 | Queue | Spearman |
| 16:44 | Queue | Spearman |
| 16:48 | Build | House |
| 16:54 | Queue | Militia |
| 16:59 | Build | House |
| 17:02 | Queue | Villager (Male) |
| 17:06 | Queue | Spearman |
| 17:28 | Build | Lumber Camp |
| 17:36 | Build | Mining Camp |
| 18:05 | Build | Farm |
| 18:06 | Build | Farm |
| 18:07 | Build | Farm |
| 18:33 | Queue | Villager (Male) |
| 18:33 | Queue | Villager (Male) |
| 18:33 | Queue | Villager (Male) |
| 18:33 | Queue | Villager (Male) |
| 18:33 | Queue | Villager (Male) |
| 18:33 | Queue | Villager (Male) |
| 18:33 | Queue | Villager (Male) |
| 18:44 | Build | Farm |
| 18:45 | Build | Farm |
| 18:59 | Build | Palisade Wall |
| 19:03 | Queue | Villager (Male) |
| 19:07 | Build | Farm |
| 19:08 | Build | Farm |
| 19:12 | Build | Palisade Wall |
| 19:42 | Queue | Spearman |
| 19:53 | Build | Palisade Wall |
| 19:55 | Build | Palisade Wall |
| 20:01 | Build | Palisade Wall |
| 20:06 | Build | Farm |
| 20:15 | Queue | Villager (Male) |
| 20:22 | Queue | Villager (Male) |
| 20:25 | Research | Wheelbarrow |
| 20:33 | Build | Palisade Wall |
| 21:01 | Build | House |
| 21:14 | Build | Palisade Wall |
| 21:58 | Build | House |
| 22:06 | Queue | Militia |
| 22:08 | Build | Blacksmith |
| 22:13 | Build | Palisade Wall |
| 22:14 | Build | Palisade Wall |
| 22:42 | Build | House |
| 22:43 | Build | House |
| 22:46 | Build | Palisade Gate |
| 22:47 | Build | House |
| 22:51 | Build | House |
| 22:56 | Research | Castle Age |
| 23:03 | Build | Palisade Wall |
| 23:28 | Build | Palisade Wall |
| 23:38 | Build | Archery Range |
Match timeline
| 6:05 | ツfeodALİ · wall_segment Palisade Wall x2 |
| 6:17 | ツfeodALİ · wall_segment Palisade Wall x1 |
| 6:20 | ツfeodALİ · wall_segment Palisade Wall x1 |
| 6:28 | Mr. Nobody · wall_segment Palisade Wall x10 |
| 6:32 | ツfeodALİ · wall_segment Palisade Wall x1 |
| 6:42 | Mr. Nobody · wall_segment Palisade Wall x1 |
| 6:44 | Mr. Nobody · wall_segment Palisade Wall x1 |
| 6:45 | Mr. Nobody · wall_segment Palisade Wall x1 |
| 6:47 | Mr. Nobody · wall_segment Palisade Wall x3 |
| 6:57 | Mr. Nobody · wall_segment Palisade Wall x1 |
| 6:58 | Mr. Nobody · wall_segment Palisade Wall x1 |
| 6:58 | Mr. Nobody · wall_segment Palisade Wall x1 |
| 7:04 | ツfeodALİ · wall_segment Palisade Wall x1 |
| 7:09 | ツfeodALİ · wall_segment Palisade Wall x1 |
| 8:15 | ツfeodALİ · wall_segment Palisade Wall x1 |
| 8:37 | ツfeodALİ · first_building Barracks |
| 8:47 | ツfeodALİ · wall_segment Palisade Wall x1 |
| 9:49 | Mr. Nobody · first_building Barracks |
| 10:11 | ツfeodALİ · age_up feudal |
| 10:46 | ツfeodALİ · first_building Stable |
| 11:29 | Mr. Nobody · age_up feudal |
| 11:31 | Mr. Nobody · first_building Stable |
| 11:48 | Mr. Nobody · wall_segment Palisade Wall x5 |
| 13:06 | ツfeodALİ · wall_segment Palisade Wall x7 |
| 13:53 | ツfeodALİ · wall_segment Palisade Wall x8 |
| 13:55 | Mr. Nobody · wall_segment Palisade Wall x1 |
| 16:02 | ツfeodALİ · wall_segment Palisade Wall x1 |
| 16:27 | ツfeodALİ · wall_segment Palisade Wall x1 |
| 16:29 | ツfeodALİ · wall_segment Palisade Wall x1 |
| 17:29 | Mr. Nobody · wall_segment Palisade Wall x1 |
| 18:59 | ツfeodALİ · wall_segment Palisade Wall x11 |
| 19:10 | Mr. Nobody · wall_segment Palisade Wall x5 |
| 19:12 | ツfeodALİ · wall_segment Palisade Wall x1 |
| 19:12 | Mr. Nobody · wall_segment Palisade Wall x3 |
| 19:16 | Mr. Nobody · wall_segment Palisade Wall x6 |
| 19:53 | ツfeodALİ · wall_segment Palisade Wall x1 |
| 19:55 | ツfeodALİ · wall_segment Palisade Wall x1 |
| 20:01 | ツfeodALİ · wall_segment Palisade Wall x5 |
| 20:33 | ツfeodALİ · wall_segment Palisade Wall x5 |
| 20:58 | Mr. Nobody · wall_segment Palisade Wall x1 |
| 21:14 | ツfeodALİ · wall_segment Palisade Wall x7 |
| 21:19 | Mr. Nobody · wall_segment Palisade Wall x1 |
| 21:20 | Mr. Nobody · wall_segment Palisade Wall x1 |
| 21:21 | Mr. Nobody · wall_segment Palisade Wall x1 |
| 21:21 | Mr. Nobody · wall_segment Palisade Wall x1 |
| 22:13 | ツfeodALİ · wall_segment Palisade Wall x1 |
| 22:14 | ツfeodALİ · wall_segment Palisade Wall x1 |
| 23:03 | ツfeodALİ · wall_segment Palisade Wall x1 |
| 23:14 | Mr. Nobody · wall_segment Palisade Wall x1 |
| 23:14 | Mr. Nobody · wall_segment Palisade Wall x1 |
| 23:15 | Mr. Nobody · wall_segment Palisade Wall x1 |
| 23:28 | ツfeodALİ · wall_segment Palisade Wall x1 |
| 23:38 | ツfeodALİ · first_building Archery Range |
| 24:16 | Mr. Nobody · age_up castle |
| 25:23 | Mr. Nobody · first_market_buy 100 stone |
| 25:36 | ツfeodALİ · age_up castle |
| 26:16 | ツfeodALİ · wall_segment Palisade Wall x1 |
| 27:00 | ツfeodALİ · wall_segment Palisade Wall x1 |
| 27:25 | ツfeodALİ · wall_segment Palisade Wall x1 |
| 28:23 | Mr. Nobody · first_building Siege Workshop |
| 29:33 | ツfeodALİ · wall_segment Stone Wall x1 |
| 30:16 | ツfeodALİ · wall_segment Palisade Wall x1 |
| 31:47 | ツfeodALİ · first_building Siege Workshop |
| 34:59 | Mr. Nobody · first_building Castle |
| 35:13 | Mr. Nobody · first_building Monastery |
| 36:35 | Mr. Nobody · first_building Archery Range |
| 38:53 | ツfeodALİ · first_building Monastery |
| 39:00 | Mr. Nobody · age_up imperial |
| 39:32 | ツfeodALİ · first_market_sell 100 food |
| 40:46 | ツfeodALİ · first_market_buy 100 stone |
| 41:03 | ツfeodALİ · first_building Castle |
| 44:49 | ツfeodALİ · resign |
[ AI ANALYSIS · 1 CREDIT ]
What really happened in this match?
Wolo.gg analyzes every decision: build order, eco, micro, common mistakes by bracket. Personalized analysis on WhatsApp or Discord in 30 seconds.
Civ guide
Mongols
Perfil
Jugador #25339047